 Dungeon Crawl Stone Soup version 0.24.0-37-gcf1ca852f1 (webtiles) character file.

Game seed: 9512925900560986558, levelgen mode: deterministic

112 Goreval the Ruffian (level 4, 44/44 HPs)
             Began as a Troll Fighter on Nov 27, 2019.
             Was a Follower of Fedhas.
             Got out of the dungeon alive.
             The game lasted 00:05:05 (1593 turns).

Goreval the Ruffian (Troll Fighter)                 Turns: 1593, Time: 00:05:05

Health: 44/44      AC:  6    Str: 24    XL:     4   Next: 63%
Magic:  3/3        EV: 10    Int:  4    God:    Fedhas [*.....]
Gold:   70         SH:  0    Dex: 10    Spells: 3/3 levels left

rFire    . . .     SeeInvis .     - Unarmed
rCold    . . .     Gourm    +   (no shield)
rNeg     . . .     Faith    .   a - +0 robe
rPois    .         Spirit   .   (helmet restricted)
rElec    .         Reflect  .   (no cloak)
rCorr    .         Harm     .   (gloves unavailable)
MR       .....                  (boots unavailable)
Stlth    +.........             (no amulet)
HPRegen  0.54/turn              j - ring of wizardry
MPRegen  0.08/turn              (no ring)

@: no status effects
A: large, unfitting armour, claws 3, fast metabolism 3, gourmand, regeneration
1, shaggy fur 1, tough skin 3
a: Renounce Religion


You escaped.
You worshipped Fedhas.
Fedhas was aware of your devotion.
You were completely stuffed.

You visited 1 branch of the dungeon, and saw 2 of its levels.

You collected 70 gold pieces.

Inventory:

Missiles
 k - 88 stones (quivered)
 p - 2 boomerangs
Armour
 a - a +0 robe (worn)
 b - a +0 shield
Jewellery
 j - a ring of wizardry (left claw)
Scrolls
 e - 2 scrolls of identify {unknown}
 f - 2 scrolls of blinking {unknown}
 g - 2 scrolls of enchant armour {unknown}
 i - 2 scrolls of teleportation {unknown}
 l - a scroll of fog {unknown}
 o - 3 scrolls of amnesia {unknown}
 q - a scroll of noise {unknown}
 r - a scroll of magic mapping {unknown}
 t - a scroll of remove curse {unknown}
Potions
 c - 2 potions of might
 h - a potion of agility {unknown}
 m - 4 potions of curing {unknown}
 n - a potion of degeneration {unknown}
Comestibles
 d - 5 rations
 s - 6 chunks of flesh


   Skills:
 + Level 2.9 Fighting
 + Level 3.0 Dodging
 + Level 2.9 Shields
 * Level 3.4 Unarmed Combat


You had 3 spell levels left.
You didn't know any spells.
Your spell library was empty.

Dungeon Overview and Level Annotations

Branches:
Dungeon (2/15)

Altars:
Fedhas


Innate Abilities, Weirdness & Mutations

You are too large for most types of armour.
You have claws for hands.
Your metabolism is lightning-fast.
You like to eat raw meat.
Your natural rate of healing is unusually fast.
You are covered in fur. (AC +1)
You have extremely tough skin. (AC +3)


Message History

There is a stone staircase leading down here.
Unknown command.
(D) Dungeon
Where to? (Enter - D:1, ? - help)
Okay, then.
Unknown command.
(D) Dungeon
Where to? (Enter - D:1, ? - help)
Okay, then.
Unknown command.
(D) Dungeon
Where to? (Enter - D:1, ? - help)
Okay, then.
Unknown command.
There is a stone staircase leading down here.
There is a staircase leading out of the dungeon here.
Are you sure you want to leave the Dungeon?
This will make you lose the game!
Alright, then stay!
Are you sure you want to leave the Dungeon?
This will make you lose the game!
You have escaped!

#.# #.#...........#.##.....##
##.#####.....#.#.....####.####
# #.....#......#.#......# ##.##
###..####......#.#.....[# ##.#
.....# #....#.#.#.#....# ##.##
###.## #...##.#.#.##...###.## #
#.# ###..)..⌠#.#⌠.....##.## #
#.# #.#..#####.#####..#..# #
#.###.........@....).....# #
#.##.##..#####.#####..#..######
#
#.>.###.....⌠#.#⌠.....#.......#
#
####.##...##.#.#.##...##.......
# ##.#....#.#.#.#....#######.#
# #.#......#.#......# #.# #
#.#......#.#......# #.# #
#.##.....#.#.....## #.# #
#.#.#...........#.# #..


There were no monsters in sight!

Vanquished Creatures
  6 adders (D:2)
  2 oozes (D:2)
  2 worms (D:2)
  A dart slug (D:1)
  4 giant cockroaches (D:2)
  4 goblins
  5 hobgoblins
  2 jackals (D:2)
  A ball python (D:2)
  5 bats
  4 kobolds
  9 rats
45 creatures vanquished.

Notes
Turn   | Place    | Note
-------+----------+-------------------------------------------
     0 | D:1      | Goreval the Troll Fighter began the quest for the Orb.
     0 | D:1      | Reached XP level 1. HP: 22/22 MP: 0/0
   102 | D:1      | Reached XP level 2. HP: 25/29 MP: 1/1
   970 | D:2      | Reached XP level 3. HP: 34/36 MP: 2/2
  1174 | D:2      | Reached XP level 4. HP: 44/44 MP: 3/3
  1485 | D:2      | Found a faded altar of an unknown god.
  1502 | D:2      | Became a worshipper of Fedhas Madash
  1502 | D:2      | Reached * piety under Fedhas
  1593 | D:$      | Got out of the dungeon alive.

Levels and vault maps discovered:
D:1:      matt_arrival_grand_opening, layout_loops_ring
D:2:      layout_basic, chequers_ecumenical_altar_grove

Skill      XL: |  1  2  3  4 |
---------------+-------------+-----
Unarmed Combat | 3 |  3.4
Dodging        | 3 |  3.0
Fighting       | |  2.9
Shields        | |  2.9

Action                   |  1- 3 |  4- 6 || total
-------------------------+-------+-------++-------
Melee: Unarmed           |   110 |    45 ||   155
       Punch             |     2 |       ||     2
  Eat: Chunk             |    16 |     4 ||    20
Armor: Robe              |    46 |    22 ||    68
Dodge: Dodged            |    72 |    29 ||   101
Block: Shield            |     4 |       ||     4
